 Dungeon Crawl Stone Soup version 0.28.0-53-g5a82cb258f (webtiles) character file.

Game seed: 8057326325134147900

81 Esteco1 the Skirmisher (level 4, 4/36 HPs)
             Began as a Draconian Chaos Knight on May 23, 2022.
             Was a Plaything of Xom.
             Quit the game on level 3 of the Dungeon.
             The game lasted 00:20:07 (2877 turns).

Esteco1 the Skirmisher (Draconian Chaos Knight)     Turns: 2877, Time: 00:20:08

Health: 4/36       AC:  5    Str: 11 (12) XL:     4   Next: 20%
Magic:  4/4        EV: 12    Int: 13      God:    Xom [*.....]
Gold:   108        SH:  0    Dex:  7 (8)  Spells: 3/3 levels left

rFire   . . .      SeeInvis .   h - +0 whip
rCold   . . .      Faith    .   (no shield)
rNeg    . . .      Spirit   .   (armour unavailable)
rPois   .          Reflect  .   (helmet restricted)
rElec   .          Harm     .   (no cloak)
rCorr   .          Rampage  .   (no gloves)
Will    .....      Rage     1%  (no boots)
Stlth   +.........              (no amulet)
HPRegen 0.12/turn               (no ring)
MPRegen 0.09/turn               (no ring)

@: no status effects
A: AC +5, unfitting armour, cold-blooded, berserk 1, clumsy 1, deterioration 1,
frail 1, screaming 1, weak 2, inability to read while threatened
a: Renounce Religion


You were on level 3 of the Dungeon.
You worshipped Xom.
You were a special plaything of Xom.
You visited 1 branch of the dungeon, and saw 3 of its levels.

You collected 108 gold pieces.

Inventory:

Hand Weapons
 a - a +0 hand axe of chaos
 b - a +0 dagger
 f - a +0 short sword
 g - a +0 club
 h - a +0 whip (weapon)
 k - a +0 club
 m - a +0 dagger
 o - a +0 falchion
 v - a +0 hunting sling
 w - a +0 trident
Missiles
 i - 2 throwing nets (quivered)
 p - 30 stones
 x - 3 atropa-tipped darts
Armour
 c - a +0 leather armour
 l - a +0 robe
 q - a +0 ring mail
 s - a +0 leather armour
 y - a +0 ring mail
Scrolls
 d - 2 scrolls of identify {unknown}
 e - a scroll of brand weapon {unknown}
 j - a scroll of amnesia {unknown}
 n - a scroll of enchant armour {unknown}
 r - a scroll of silence {unknown}
 t - 3 scrolls of noise {unknown}
Potions
 u - a potion of degeneration {unknown}


   Skills:
 + Level 4.1 Fighting
 + Level 3.4(3.6) Axes
 + Level 1.4(2.6) Maces & Flails
 + Level 2.9 Dodging
 + Level 0.3 Stealth


You had 3 spell levels left.
You didn't know any spells.
Your spell library was empty.

Dungeon Overview and Level Annotations

Branches:
Dungeon (3/15)

Altars:

Shops:
D:3 =


Innate Abilities, Weirdness & Mutations

Your plain brown scales are hard. (AC +5)
You cannot fit into any form of body armour.
You are cold-blooded and may be slowed by cold attacks.
You tend to lose your temper in combat.
You are clumsy. (Dex -2)
Your body sometimes deteriorates upon taking damage.
You are frail. (-10% HP)
You occasionally shout uncontrollably at your foes.
You are very weak. (Str -4)
You sometimes lose the ability to read scrolls when taking damage.


Message History

The adder is heavily wounded.
The adder closely misses you.
You closely miss the adder.
The adder is heavily wounded.
The adder bites you.
You are poisoned.
The adder poisons you! The adder bites you.
You feel threatened and lose the ability to read scrolls!
* * * LOW HITPOINT WARNING * * *
Your body deteriorates!
You feel clumsy.
You hit the adder but do no damage.
Your tail-slap misses the adder.
The adder is heavily wounded.
You feel sick. The adder closely misses you.
You hit the adder.
The adder is severely wounded.
You feel sick. The adder closely misses you.
You closely miss the adder.
The adder is severely wounded.
You feel sick. The adder bites you.
* * * LOW HITPOINT WARNING * * *
You hit the adder but do no damage.
The adder is severely wounded.
You feel sick.
You are no longer poisoned.
The adder barely misses you. x2
You barely miss the adder.
The adder is severely wounded.
You can read scrolls again.
The adder bites you.
* * * LOW HITPOINT WARNING * * *
You hit the adder.
You kill the adder!
Found a ring mail.
You see here an adder corpse.
Found 8 gold pieces.
There is an entrance to Jafuacka's Jewellery Shop here.
You see here a +0 ring mail.
y - a +0 ring mail You can't wear that!
Are you sure you want to abandon this character and quit the game? (Confirm with "yes".)

########
#...$..#
#@.....#
#####......#
#...........#
............#
#...........#
............#
.#+###....∩.#
.......†...#
........>..#


There were no monsters in sight!

Vanquished Creatures
  2 adders
  6 worms
  4 orcs (D:3)
  3 ball pythons
  2 endoplasms
  2 giant cockroaches
  4 goblins
  3 hobgoblins
  6 kobolds
  A quokka (D:1)
  3 bats
  2 frilled lizards (D:1)
  5 rats
43 creatures vanquished.

Notes
Turn   | Place    | Note
-------+----------+-------------------------------------------
     0 | D:1      | Esteco1 the Draconian Chaos Knight began the quest for the
                  | Orb.
     0 | D:1      | Reached XP level 1. HP: 19/19 MP: 1/1
   213 | D:1      | XOM: silly message
   381 | D:1      | Reached XP level 2. HP: 21/26 MP: 2/2
   487 | D:1      | XOM: 2-stop teleportation journey
   524 | D:1      | XOM: 1-stop teleportation journey
  1418 | D:2      | Reached XP level 3. HP: 18/33 MP: 3/3
  1853 | D:2      | XOM: give mutations
  1853 | D:2      | Gained mutation: You sometimes lose the ability to read
                  | scrolls when taking damage. [Xom's mischief]
  1853 | D:2      | Gained mutation: You are clumsy. (Dex -2) [Xom's mischief]
  1853 | D:2      | Gained mutation: You are frail. (-10% HP) [Xom's mischief]
  1853 | D:2      | Gained mutation: You are weak. (Str -2) [Xom's mischief]
  1916 | D:2      | Reached skill level 4 in Fighting
  2125 | D:2      | XOM: give mutations
  2125 | D:2      | Gained mutation: You occasionally shout uncontrollably at
                  | your foes. [Xom's mischief]
  2125 | D:2      | Gained mutation: You are very weak. (Str -4) [Xom's
                  | mischief]
  2125 | D:2      | Gained mutation: You have hidden genetic defects. [Xom's
                  | mischief]
  2139 | D:2      | XOM: noise
  2172 | D:2      | XOM: butterfly on damage
  2338 | D:2      | XOM: stat loss: -1 Dex (7/8)
  2557 | D:2      | Gained mutation: Your body sometimes deteriorates upon
                  | taking damage. [hidden defects]
  2606 | D:2      | XOM: cloud trail
  2802 | D:3      | Reached skill level 1 in Maces & Flails
  2809 | D:3      | Reached XP level 4. HP: 21/36 MP: 4/4
  2816 | D:3      | Gained mutation: You tend to lose your temper in combat.
                  | [hidden defects]
  2816 | D:3      | Lost mutation: You have hidden genetic defects. [hidden
                  | defects expressed]
  2826 | D:3      | XOM: summons 1 hostile demon
  2848 | D:3      | Found Jafuacka's Jewellery Shop.
  2877 | D:3      | Quit the game

Illustrated notes

Levels and vault maps discovered:
D:1:      dpeg_arrival_simpleton_c, layout_basic, minmay_fountain_box,
          due_unseen_surprise
D:2:      layout_loops_ring
D:3:      layout_basic, serial_shops, shop, shop, nicolae_lakefront_shop,
          nicolae_shop_behind_doors, hangedman_decor_peaks_small,
          mrwooster_statue_mirror

Skill      XL: |  1  2  3 |
---------------+----------+-----
Fighting       | 4 |  4.1
Maces & Flails | 1 |  1.4
Axes           | |  3.4
Dodging        | |  2.9
Stealth        | |  0.3

Action                   |  1- 3 |  4- 6 || total
-------------------------+-------+-------++-------
Melee: Hand axe          |    42 |       ||    42
       Tailslap          |    18 |     2 ||    20
       Punch             |     3 |     1 ||     4
       Whip              |   110 |    32 ||   142
Armor: Skin              |    20 |     4 ||    24
Dodge: Dodged            |    56 |    16 ||    72
